 Dungeon Crawl Stone Soup version 0.28.0-1-gb440e238dd (webtiles) character file.

Game seed: 636958921303634072

130 smarlow the Conjurer (level 4, -1/24 HPs)
             Began as a Deep Elf Conjurer on Feb 24, 2022.
             Slain by Pikel (5 damage)
             ... on level 4 of the Dungeon.
             The game lasted 00:07:14 (3390 turns).

smarlow the Conjurer (Deep Elf Conjurer)            Turns: 3390, Time: 00:07:14

Health: -1/24      AC:  2    Str:  4    XL:     4   Next: 90%
Magic:  7/12       EV: 13    Int: 25    God:
Gold:   132        SH:  0    Dex: 13    Spells: 4/11 levels left

rFire   . . .      SeeInvis +   (no weapon)
rCold   . . .      Faith    .   (no shield)
rNeg    . . .      Spirit   .   a - +0 robe
rPois   .          Reflect  .   (no helmet)
rElec   .          Harm     .   (no cloak)
rCorr   .          Rampage  .   (no gloves)
Will    .....                   (no boots)
Stlth   ++........              (no amulet)
HPRegen 0.08/turn               c - ring of see invisible
MPRegen 0.13/turn               (no ring)

@: no status effects
A: no striking features
a: no special abilities


You were on level 4 of the Dungeon.
You visited 1 branch of the dungeon, and saw 4 of its levels.

You collected 132 gold pieces.

Inventory:

Missiles
 i - 6 atropa-tipped darts
Armour
 a - a +0 robe (worn)
Jewellery
 c - a ring of see invisible (left hand)
Scrolls
 b - 2 scrolls of teleportation
 d - 4 scrolls of identify {unknown}
 f - a scroll of blinking {unknown}
 h - a scroll of noise {unknown}
 j - a scroll of vulnerability {unknown}
 l - a scroll of amnesia {unknown}
 m - a scroll of enchant armour {unknown}
 n - a scroll of immolation {unknown}
 o - a scroll of summoning {unknown}
 p - a scroll of fear {unknown}
Potions
 e - a potion of invisibility {unknown}
 g - 3 potions of attraction {unknown}
 k - a potion of flight {unknown}


   Skills:
 + Level 1.2 Throwing
 + Level 3.4 Dodging
 - Level 3.2 Stealth
 + Level 4.2 Spellcasting
 * Level 5.2 Conjurations
 + Level 0.9 Translocations


You had 4 spell levels left.
You knew the following spells:

 Your Spells              Type           Power      Damage    Failure   Level
a - Magic Dart            Conj           100%       1d8       1%          1
b - Searing Ray           Conj           62%        2d6       1%          2
c - Iskenderun's Mystic   Conj/Tloc      20%        2d6       26%         4

Your spell library contained the following spells:

 Spells                   Type           Power      Damage    Failure   Level
 Foxfire                  Conj/Fire      72%        2x1d7     3%          1
 Conjure Flame            Conj/Fire      18%        6-21      9%          3
 Dazzling Flash           Conj/Hex       36%        N/A       9%          3
 Inner Flame              Hex/Fire       5%         N/A       26%         3
 Flame Wave               Conj/Fire      18%        2d6       30%         4
 Fulminant Prism          Conj/Hex       9%         3d7       30%         4


Dungeon Overview and Level Annotations

Branches:
Dungeon (4/15)
 Temple: D:4-7

Altars:
Elyvilon
Qazlal
Sif Muna
Yredelemnul

Annotations:
D:3 Terence
D:4 Pikel


Message History

The lemure barely misses you.
The searing ray hits the lemure!
You kill the lemure!
That felt strangely unrewarding.
The searing ray hits the lemure!
You kill the lemure!
That felt strangely unrewarding.
You start resting.
Magic restored.
You start resting.
HP restored.
There is an open door here.
A ball python is nearby!
The magic dart hits the ball python.
The ball python is moderately wounded.
The ball python hisses angrily.
The magic dart hits the ball python!
You kill the ball python!
There is a stone staircase leading down here.
You climb downwards.
Level annotation: Pikel Pikel barely misses you.
The lemure barely misses you. The lemure hits you.
There is a stone staircase leading up here.
Casting: Magic Dart (safe; 1% risk of failure)
Confirm with . or Enter, or press ? or * to list all spells.
The spell is potentially lethal to miscast (26% risk of failure)!
Continue anyway?
You erupt in a blast of force!
The mystic blast hits Pikel.
Pikel is lightly wounded.
Pikel is knocked back by the mystic blast.
The mystic blast hits the lemure.
The lemure is lightly wounded.
The lemure is knocked back by the mystic blast.
The mystic blast hits the lemure!
The lemure is moderately wounded.
The lemure is knocked back by the mystic blast.
The lemure slams into the rock wall!
The lemure hits you!
Pikel hits you with a +1 whip of flaming!
* * * LOW HITPOINT WARNING * * *
Pikel burns you.
You die...

##.....##
##.......##
#.....<...#
+.........+
#....<....#
#.....5.#
#.K...#
#5@.# ##+##


You could see Pikel and 2 lemures.

Vanquished Creatures
  2 lemures (D:3)
  A hound (D:3)
  2 adders (D:2)
  A white imp (D:3)
  A worm (D:2)
  3 dart slugs
  8 ball pythons
  11 endoplasms
  A giant cockroach (D:1)
  5 goblins
  8 hobgoblins
  5 jackals
  3 quokkas
  5 bats
  2 frilled lizards
  6 rats
64 creatures vanquished.

Notes
Turn   | Place    | Note
-------+----------+-------------------------------------------
     0 | D:1      | smarlow the Deep Elf Conjurer began the quest for the Orb.
     0 | D:1      | Reached XP level 1. HP: 10/10 MP: 6/6
   182 | D:1      | Reached XP level 2. HP: 15/15 MP: 6/8
   219 | D:1      | Learned a level 2 spell: Searing Ray
   735 | D:1      | Reached XP level 3. HP: 19/19 MP: 6/10
  1755 | D:2      | Reached XP level 4. HP: 24/24 MP: 4/11
  1756 | D:2      | Reached skill level 5 in Conjurations
  1761 | D:2      | Learned a level 4 spell: Iskenderun's Mystic Blast
  2094 | D:3      | Found a white marble altar of Elyvilon.
  2191 | D:3      | Reached skill level 1 in Throwing
  2251 | D:3      | Found a stormy altar of Qazlal.
  2550 | D:3      | Found a basalt altar of Yredelemnul.
  2722 | D:3      | Found a shimmering blue altar of Sif Muna.
  2726 | D:3      | Noticed Terence
  2819 | D:3      | Found a faded altar of an unknown god.
  3250 | D:4      | Noticed Pikel
  3250 | D:4      | Noticed a lemure
  3250 | D:4      | Noticed a lemure
  3250 | D:4      | Noticed a lemure
  3250 | D:4      | Noticed a lemure
  3275 | D:3      | Killed a lemure
  3275 | D:3      | Killed a lemure
  3390 | D:4      | Slain by Pikel

Illustrated notes

Levels and vault maps discovered:
D:1:      psy_arrival_statuary, layout_loops_cross, st_stairs_14
D:2:      minmay_inner_zag, layout_loops_ring, kennysheep_generic_room_6
D:3:      layout_basic, nzn_overflow_gifts_of_might_and_magic,
          mainiacjoe_overflow_brackets, nicolae_overflow_crystal_walls,
          ebering_ecumenical_altar_rust, kennysheep_flooded_box, minivault_5
D:4:      minmay_evil_eye, layout_loops_corners,
          riverfiend_overflow_shadow_ancestor, serial_shops,
          nicolae_shop_hallway_plus, uniq_duvessa, uniq_pikel, uniq_eustachio

Skill      XL: |  1  2  3  4 |
---------------+-------------+-----
Stealth        | 3 |  3.2
Dodging        | 3 |  3.4
Conjurations   | 5 |  5.2
Throwing       | 1 |  1.2
Spellcasting   | 4 |  4.2
Translocations | |  0.9

Action                   |  1- 3 |  4- 6 || total
-------------------------+-------+-------++-------
 Cast: Magic Dart        |    91 |    37 ||   128
       Searing Ray       |     3 |     3 ||     6
       Iskenderun's Myst |       |     3 ||     3
  Use: Scroll            |       |     1 ||     1
Armor: Robe              |     5 |     2 ||     7
Dodge: Dodged            |     3 |     9 ||    12
